 Dungeon Crawl Stone Soup version 0.32-a0-779-g362cfcae2a (webtiles) character file.

Game seed: 4801828324813512260

31385 cforsyth the Cleaver (level 13, -9/119 HPs)
             Began as a Mountain Dwarf Cinder Acolyte on Mar 19, 2024.
             Was a High Priest of Ignis.
             Mangled by a skyshark (10 damage)
             ... on level 3 of the Lair of Beasts.
             The game lasted 00:37:07 (24430 turns).

cforsyth the Cleaver (MDCA)                        Turns: 24430, Time: 00:37:08

Health: -9/119     AC: 22    Str: 31    XL:     13   Next: 25%
Magic:  25/31      EV:  9    Int: 17    God:    Ignis [*****.]
Gold:   969        SH:  0    Dex:  5    Spells: 22/24 levels left

rFire   + . .        a - +3 war axe (flame)
rCold   + . .        (no shield)
rNeg    + . .        t - +0 scale mail {rC+}
rPois   .            p - +0 helmet
rElec   +            b - +0 cloak
rCorr   +            n - +5 pair of gloves "Earthly Heaven" {rElec Str+4 Int+3 Dex-2}
SInv    .            x - +2 pair of boots of the Vaults {rN+ rCorr Dex-2}
Will    +....        (no amulet) Stlth
                     S - +6 ring of strength
HPRegen 0.39/turn    M - ring of magical power
MPRegen 0.22/turn

%: no passive effects
@: no status effects
A: runic magic, artefact enchanting, hooves 1, agile 1
a: Renounce Religion, Fiery Armour, Foxfire Swarm, Rising Flame


You were on level 3 of the Lair of Beasts.
You worshipped Ignis.
Ignis was extremely pleased with you.
You visited 2 branches of the dungeon, and saw 16 of its levels.
You also visited: Ossuary.

You collected 1025 gold pieces.
You spent 56 gold pieces at shops.


Innate Abilities, Weirdness & Mutations

Your spellcasting is much less encumbered by armour.
You can use scrolls of enchantment on lesser artefacts.
You have large cloven feet.
You are agile. (Dex +4, Str/Int -1)


   Skills:
 + Level 12.5 Fighting
 + Level 13.5 Axes
 + Level 11.9 Armour
 - Level 6.4 Spellcasting
 - Level 13.0 Fire Magic


You had 22 spell levels left.
You knew the following spells:

 Your Spells              Type           Power      Damage    Failure   Level
X - Scorch                Fire           98%        2d9       1%          2

Your spell library contained the following spells:

 Spells                   Type           Power      Damage    Failure   Level
 Sandblast                Erth           10%        2d5       14%         1
 Shock                    Conj/Air       20%        1d4       14%         1
 Mercury Vapours          Alch/Air       10%        N/A       22%         2
 Mephitic Cloud           Conj/Alch/Air  5%         N/A       38%         3
 Stone Arrow              Conj/Erth      10%        3d7       38%         3
 Swiftness                Air            5%         N/A       38%         3
 Tukima's Dance           Hex            5%         N/A       38%         3
 Airstrike                Air            2%         2d(1-17)  80%         4
 Anguish                  Hex/Necr       2%         N/A       80%         4
 Brom's Barrelling Bould  Conj/Erth      5%         2d3       80%         4
 Cause Fear               Hex            2%         N/A       80%         4
 Dimensional Bullseye     Hex/Tloc       2%         N/A       80%         4
 Iskenderun's Mystic Bla  Conj/Tloc      5%         2d3       80%         4
 Manifold Assault         Tloc           5%         N/A       80%         4
 Olgreb's Toxic Radiance  Alch           5%         N/A       80%         4
 Passage of Golubria      Tloc           5%         N/A       80%         4
 Freezing Cloud           Conj/Ice/Air   2%         6-21      98%         5
 Yara's Violent Unravell  Hex/Alch       2%         3d3       98%         5
 Dispersal                Tloc           2%         N/A       100%        6
 Enfeeble                 Hex            2%         N/A       100%        7
 Ozocubu's Refrigeration  Ice            2%         4d8       100%        7
 Discord                  Hex            2%         N/A       100%        8
 Disjunction              Tloc           2%         N/A       100%        8

Inventory:

Hand Weapons
 a - a +3 war axe of flaming (weapon)
 e - the +8 hand axe of the Pyrrhic Victory {heavy, MP+9 Int+5 Dex+3}
   (You found it on level 5 of the Dungeon)

   Int+5:     It affects your intelligence (+5).
   Dex+3:     It affects your dexterity (+3).
   MP+9:      It affects your magic capacity (+9).
 E - a +5 war axe
 Q - a +0 broad axe
Armour
 b - a +0 cloak (worn)
 n - the +5 pair of gloves "Earthly Heaven" (worn) {rElec Str+4 Int+3 Dex-2}
   (You found it on level 2 of the Dungeon)

   Str+4:     It affects your strength (+4).
   Int+3:     It affects your intelligence (+3).
   Dex-2:     It affects your dexterity (-2).
   rElec:     It insulates you from electricity.
 p - a +0 helmet (worn)
 t - a +0 scale mail of cold resistance (worn)
 x - the +2 pair of boots of the Vaults (worn) {rN+ rCorr Dex-2}
   (You found it on level 6 of the Dungeon)

   Dex-2:     It affects your dexterity (-2).
   rN+:       It protects you from negative energy.
   rCorr:     It protects you from acid and corrosion.
Jewellery
 C - a ring of ice
 D - a +6 ring of dexterity
 J - an amulet of guardian spirit
 L - a ring of flight
 M - a ring of magical power (right hand)
 S - a +6 ring of strength (left hand)
 W - a ring of willpower
Wands
 q - a wand of flame (56)
 A - a wand of mindburst (11)
 H - a wand of iceblast (1)
 K - a wand of light (29)
 P - a wand of paralysis (9)
Scrolls
 c - 5 scrolls of teleportation {@r2}
 d - 5 scrolls of fog
 r - a scroll of torment {unknown}
 s - a scroll of poison {unknown}
 w - 8 scrolls of noise {unknown}
 y - a scroll of immolation
 z - 2 scrolls of amnesia {unknown}
 F - a scroll of revelation
 G - a scroll of acquirement {unknown}
 I - a scroll of silence {!r}
 N - 5 scrolls of enchant weapon
 O - 3 scrolls of enchant armour {unknown}
 R - a scroll of summoning
 T - a scroll of blinking
 U - a scroll of identify {@r1}
Potions
 f - 4 potions of lignification
 g - a potion of ambrosia {unknown}
 h - 2 potions of invisibility
 i - a potion of resistance
 j - 5 potions of enlightenment
 k - 4 potions of haste {@q3}
 l - 2 potions of brilliance
 m - 4 potions of mutation
 o - a potion of heal wounds {@q2}
 u - 4 potions of attraction
 v - 3 potions of might
 B - 3 potions of curing {@q1}

Dungeon Overview and Level Annotations

Branches:
Dungeon (13/15)            Temple (0/1) D:6            Lair (3/5) D:9
  Swamp (0/4) Lair:2       Spider (0/4) Lair:2          Orc (0/2) D:10
Ossuary (visited)
 Vaults: D:13-14

Altars:
Cheibriados
Elyvilon
Fedhas
Okawaru
Vehumet
Yredelemnul

Shops:
D:7 (*   D:11 !

Annotations:
D:11 2 runed translucent doors, ezpacito's ghost, journeyman CoCK
D:13 Frances; Nessos

#.........#### #.#........
#.P..).....# ###........
#P.#........# #........
##.#...#...## ##........
..#........#######.........
#.
#........#..#..##........
#...#..............P.###.
...................###
.........@...........#
.......F...........#
..................##.#
.......................
##.P##.....##.####.###. ###
##....#### #.# #....# ##
##...P #...##


You could see a skyshark (berserk, combustible).


Message History

The skyshark closely misses you.
The skyshark tail-slaps you but does no damage.
You slice the skyshark!! You burn the skyshark!
The skyshark is almost dead.
The skyshark bites you!
* * * LOW HITPOINT WARNING * * *
The skyshark closely misses you. x2
Casting: Scorch (safe; 1% risk of failure)
Confirm with . or Enter, or press ? or * to list all spells.
Flames lash the skyshark.
The skyshark is burned terribly!
The skyshark is almost dead.
The skyshark bites you but does no damage.
The skyshark tail-slaps you but does no damage.
The skyshark completely misses you.
Casting: Scorch (safe; 1% risk of failure)
Confirm with . or Enter, or press ? or * to list all spells.
Flames lash the skyshark.
The skyshark is burned terribly!
The skyshark is almost dead.
The skyshark bites you!!
* * * LOW HITPOINT WARNING * * *
The skyshark tail-slaps you but does no damage.
The skyshark tail-slaps you.
* * * LOW HITPOINT WARNING * * *
The skyshark bites you!
* * * LOW HITPOINT WARNING * * *
The skyshark tail-slaps you!
* * * LOW HITPOINT WARNING * * *
The skyshark tail-slaps you!
You die...
Ignis goes out, and joins you in death.

Skill      XL: |  1  2  3  4  5  6  7  8  9 10 11 12 |
---------------+-------------------------------------+-----
Armour         | 1 2 3 4 5 6 8 9 11 | 11.9
Axes           | 4 5 6 7 8 9 11 13 | 13.5
Fire Magic     | 4 5 6 7 8 9 11 13 | 13.0
Fighting       | 4 5 6 7 9 10 12 | 12.5
Spellcasting   | 2 3 4 5 6 |  6.4

Action                     |  1- 3 |  4- 6 |  7- 9 | 10-12 | 13-15 || total
---------------------------+-------+-------+-------+-------+-------++-------
  Melee: Hand axe          |    80 |     8 |       |       |       ||    88
         War axe           |       |    11 |   156 |   377 |   107 ||   651
         Kick              |       |       |    35 |       |       ||    35
   Cast: Scorch            |     4 |    58 |   148 |   327 |    16 ||   553
  Evoke: Wand              |       |       |       |     8 |     8 ||    16
    Use: Potion            |       |     3 |     2 |       |     4 ||     9
         Scroll            |       |       |     3 |    13 |       ||    16
 Armour: Robe              |    50 |     3 |       |       |       ||    53
         Scale mail        |       |    32 |   188 |   596 |   161 ||   977
         Skin              |       |     3 |       |       |       ||     3
  Dodge: Dodged            |    37 |    16 |   102 |   274 |    64 ||   493

Levels and vault maps discovered:
D:1:      giann_wishing_wells, layout_basic
D:2:      layout_loops_ring, minmay_fractal_squares_gapless_5, uniq_sigmund
D:3:      layout_basic, minmay_snake_closets
D:4:      layout_cave_pools, serial_bayou_pond_e, minivault_4
D:5:      layout_basic, okawaru_altar_gauntlet_db, fiery_altar_vehumet,
          serial_rivers, chequers_serial_rivers_micro_c,
          chequers_serial_rivers_micro_a, chequers_serial_rivers_small_b,
          chequers_serial_rivers_room_b, chequers_serial_rivers_small_a,
          chequers_serial_rivers_room_a, uniq_prince_ribbit1, uniq_duvessa,
          uniq_edmund
D:6:      layout_layer_cave, minmay_temple_entry_proselytizer,
          nicolae_ossuary_entry_monument
D:7:      layout_rooms, cheibriados_altar_1, serial_shops, shop,
          nicolae_shop_gadgets, uniq_maurice, uniq_pikel
D:8:      layout_basic, tgw_fedhas, amcnicky_altar_gilded, serial_ice,
          serial_ice_g, serial_ice_h, serial_ice_m, serial_ice_n, serial_ice_o,
          minmay_tree_intersection, grunt_decor_mini_mirrors, uniq_jeremiah
D:9:      layout_irregular_city, lair_entry_dummy, minivault_16
D:10:     layout_stronghold, yredelemnul_altar_generic, david_orc_2
D:11:     layout_irregular_city, serial_shops, shop,
          ebering_ghost_disaster_area, serial_library_hellmonk_semicircle,
          minmay_joined_circles
D:12:     layout_basic
D:13:     layout_irregular_city, uniq_nessos, uniq_kirke, uniq_sonja,
          uniq_frances, uniq_urug
Lair:1:   layout_regular_city, uniq_maggie
Lair:2:   layout_chaotic_city, swamp_mist, nicolae_spider_entry_tight_spaces,
          serial_bayou_shore_b, uniq_fannar, uniq_amaemon
Lair:3:   layout_chaotic_city, serial_bayou_pond_e

Notes
Turn   | Place    | Note
-------+----------+-------------------------------------------
     0 | D:1      | cforsyth the Mountain Dwarf Cinder Acolyte began the quest
                  | for the Orb.
     0 | D:1      | Reached XP level 1. HP: 19/19 MP: 2/2
    49 | D:1      | Reached XP level 2. HP: 26/26 MP: 3/3
   371 | D:1      | Reached skill level 1 in Armour
   530 | D:1      | Reached XP level 3. HP: 31/31 MP: 5/5
   542 | D:1      | Reached skill level 4 in Axes
   639 | D:1      | Reached skill level 4 in Fire Magic
  1147 | D:2      | Noticed Sigmund
  1310 | D:1      | Learned a level 2 spell: Scorch
  1378 | D:1      | Killed Sigmund
  1379 | D:1      | Reached skill level 4 in Fighting
  1379 | D:1      | Reached skill level 2 in Armour
  1379 | D:1      | Reached skill level 2 in Spellcasting
  1379 | D:1      | Reached XP level 4. HP: 40/40 MP: 1/7
  1379 | D:1      | Reached XP level 5. HP: 46/46 MP: 1/8
  1874 | D:2      | Identified the +5 pair of gloves "Earthly Heaven" {rElec
                  | Str+4 Int+3 Dex-2}
  3180 | D:3      | Reached XP level 6. HP: 53/53 MP: 4/9
  3700 | D:4      | Reached skill level 5 in Axes
  3700 | D:4      | Reached skill level 5 in Fire Magic
  3894 | D:4      | Reached skill level 3 in Armour
  4390 | D:5      | Entered Level 5 of the Dungeon
  4425 | D:5      | Gained mutation: You are agile. (Dex +4, Str/Int -1)
                  | [potion of mutation]
  4425 | D:5      | Gained mutation: You have large cloven feet. [potion of
                  | mutation]
  4427 | D:5      | HP: 7/82 [poisoned by a scorpion]
  4428 | D:5      | Reached XP level 7. HP: 8/60 MP: 1/11
  4668 | D:5      | Noticed a yak
  4668 | D:5      | Noticed a yak
  4668 | D:5      | Noticed a yak
  4697 | D:4      | Killed a yak
  4698 | D:4      | Reached skill level 5 in Fighting
  4698 | D:4      | Reached skill level 3 in Spellcasting
  4951 | D:5      | Found a radiant altar of Vehumet.
  4973 | D:5      | Noticed Dowan
  4984 | D:5      | Noticed Duvessa
  5107 | D:5      | Noticed Edmund
  5330 | D:5      | Identified the +8 hand axe of the Pyrrhic Victory {heavy,
                  | MP+9 Int+5 Dex+3}
  5375 | D:5      | Noticed a yak
  5375 | D:5      | Noticed a yak
  5387 | D:4      | Killed a yak
  5388 | D:4      | Reached skill level 4 in Armour
  5584 | D:5      | Killed Edmund
  5585 | D:5      | Reached skill level 6 in Axes
  5585 | D:5      | Reached skill level 6 in Fire Magic
  5705 | D:5      | Killed Duvessa
  5706 | D:5      | Reached XP level 8. HP: 70/70 MP: 4/13
  5714 | D:5      | Killed Dowan
  5939 | D:5      | Noticed Prince Ribbit
  5946 | D:5      | Killed Prince Ribbit
  5947 | D:5      | Reached skill level 6 in Fighting
  6239 | D:5      | Found an iron altar of Okawaru.
  6618 | D:4      | Reached skill level 5 in Armour
  6618 | D:4      | Reached skill level 4 in Spellcasting
  6730 | D:5      | Reached skill level 7 in Axes
  6730 | D:5      | Reached skill level 7 in Fire Magic
  7018 | D:6      | Found a sand-covered staircase.
  7024 | Ossuary  | Entered an ossuary
  7081 | Ossuary  | Reached XP level 9. HP: 78/78 MP: 15/15
  7300 | D:6      | Identified the +2 pair of boots of the Vaults {rN+ rCorr
                  | Dex-2}
  7605 | D:6      | Reached skill level 7 in Fighting
  7732 | D:6      | Found a staircase to the Ecumenical Temple.
  7847 | D:6      | Reached skill level 6 in Armour
  8454 | D:6      | Reached skill level 8 in Fire Magic
  8537 | D:6      | Reached skill level 8 in Axes
  8537 | D:6      | Reached skill level 5 in Spellcasting
  9406 | D:7      | Found Gapniwiala's Antique Weapon Shop.
  9871 | D:7      | Noticed Maurice
  9877 | D:7      | Maurice stole the +8 hand axe of the Pyrrhic Victory
                  | {heavy, MP+9 Int+5 Dex+3}
  9879 | D:7      | Maurice stole a ring of resist corrosion
  9900 | D:7      | Reached XP level 10. HP: 71/88 MP: 3/18
  9904 | D:7      | Maurice stole 368 gold
  9905 | D:7      | Killed Maurice
  9906 | D:7      | Reached skill level 8 in Fighting
  9906 | D:7      | Reached skill level 7 in Armour
 10238 | D:7      | Found Venocw's Gadget Gallery.
 10323 | D:7      | Noticed Pikel
 10912 | D:7      | Killed Pikel
 10913 | D:7      | Reached skill level 9 in Axes
 10913 | D:7      | Reached skill level 9 in Fire Magic
 11171 | D:7      | Found a snail-covered altar of Cheibriados.
 11616 | D:8      | Reached skill level 6 in Spellcasting
 11984 | D:8      | Noticed Jeremiah
 12001 | D:8      | Killed Jeremiah
 12024 | D:8      | Found a white marble altar of Elyvilon.
 12144 | D:8      | Reached skill level 8 in Armour
 12239 | D:8      | Found a blossoming altar of Fedhas.
 12250 | D:8      | Noticed an oklob plant
 12866 | D:8      | Killed an oklob plant
 13074 | D:9      | Reached skill level 9 in Fighting
 13409 | D:9      | Found a staircase to the Lair.
 13578 | D:9      | Reached XP level 11. HP: 97/97 MP: 20/20
 13818 | D:10     | Entered Level 10 of the Dungeon
 14206 | D:10     | Found a basalt altar of Yredelemnul.
 14292 | D:10     | Reached skill level 10 in Axes
 14292 | D:10     | Reached skill level 10 in Fire Magic
 14435 | D:10     | Found a staircase to the Orcish Mines.
 15107 | D:11     | Noticed a two-headed ogre
 15118 | D:11     | Killed a two-headed ogre
 15400 | D:11     | Found Saock's Distillery.
 15408 | D:11     | Bought a potion of degeneration for 14 gold pieces
 15408 | D:11     | Bought a potion of attraction for 42 gold pieces
 15468 | D:11     | Noticed a soul eater
 15761 | D:11     | Found a large runed translucent door.
 15761 | D:11     | Found a large runed translucent door.
 15984 | D:11     | Reached skill level 9 in Armour
 16257 | D:11     | Noticed ezpacito's ghost (journeyman CoCK)
 16539 | D:11     | Reached skill level 10 in Fighting
 16779 | D:11     | Reached skill level 11 in Axes
 16779 | D:11     | Reached skill level 11 in Fire Magic
 17037 | D:11     | Noticed a harpy
 17043 | D:11     | Killed a harpy
 17330 | D:11     | Found Saock's Distillery.
 17854 | D:12     | Identified the +3 scimitar of Fajuv {pain, rPois rC- rCorr
                  | Str+2}
 17859 | D:12     | Identified a potion of resistance
 18037 | D:12     | Noticed a deep elf pyromancer
 18086 | D:11     | Reached XP level 12. HP: 28/108 MP: 21/21
 18733 | D:12     | Reached skill level 10 in Armour
 18878 | D:13     | Noticed Frances
 18879 | D:13     | Noticed Nessos
 18940 | Lair:1   | Entered Level 1 of the Lair of Beasts
 19344 | Lair:1   | Reached skill level 11 in Fighting
 19683 | Lair:1   | Noticed Maggie
 19690 | Lair:1   | Reached skill level 12 in Axes
 19690 | Lair:1   | Reached skill level 12 in Fire Magic
 19696 | Lair:1   | Killed Maggie
 20315 | Lair:2   | Noticed a seven-headed hydra
 20509 | Lair:2   | Killed a one-headed hydra
 20573 | Lair:2   | Found a hole to the Spider Nest.
 20772 | Lair:2   | Noticed a seven-headed hydra
 20844 | Lair:2   | Killed a five-headed hydra
 20845 | Lair:2   | Reached skill level 11 in Armour
 21436 | Lair:2   | Noticed Amaemon
 21464 | Lair:2   | Paralysed by Amaemon for 4 turns
 21479 | Lair:1   | Killed Amaemon
 21823 | Lair:2   | Noticed Fannar
 21844 | Lair:2   | Killed Fannar
 22182 | Lair:2   | Reached skill level 12 in Fighting
 22402 | Lair:1   | Reached skill level 13 in Axes
 22402 | Lair:1   | Reached skill level 13 in Fire Magic
 22402 | Lair:1   | Reached XP level 13. HP: 93/118 MP: 22/22
 22723 | Lair:2   | Found a staircase to the Swamp.
 22834 | Lair:2   | HP: 11/118 [poisoned by a cane toad]
 23497 | Lair:2   | Found a staircase to the Swamp.
 23697 | Lair:2   | Found a hole to the Spider Nest.
 24430 | Lair:3   | HP: 11/119 [skyshark (13)]
 24430 | Lair:3   | HP: 1/119 [skyshark (10)]
 24430 | Lair:3   | Mangled by a skyshark

Vanquished Creatures
  Fannar (Lair:2)
  3 hydras (Lair:2)
  A two-headed ogre (D:11)
  Amaemon (Lair:1)
  A skyshark (Lair:2)
  A deep elf pyromancer (D:12)
  Pikel (D:7)
  A harpy (shapeshifter) (D:11)
  An oklob plant (D:8)
  A cyclops (D:11)
  2 manticores
  Maurice (D:7)
  4 elephants
  A black mamba (Lair:2)
  5 cane toads
  An orange demon (Lair:2)
  Maggie (Lair:1)
  A rime drake (Lair:1)
  Jeremiah (D:8)
  3 komodo dragons
  3 kobold demonologists (D:11)
  A hornet (D:11)
  6 trolls
  A polar bear (D:8)
  4 dream sheep
  6 blink frogs
  Prince Ribbit (D:5)
  A culicivora (Lair:2)
  3 jumping spiders (Lair:2)
  Sigmund (D:1)
  A shadow (D:9)
  A wraith (D:11)
  A wyvern (Lair:1)
  2 basilisks
  4 vampires
  31 yaks
  4 steam dragons
  8 vampire mosquitoes
  A redback (Lair:2)
  Edmund (D:5)
  8 water moccasins
  Duvessa (D:5)
  2 acid dragons
  5 orc warriors
  3 ice beasts (D:6)
  A sky beast (D:7)
  5 wolves
  A centaur (D:11)
  4 lemures (D:6)
  3 kobold brigands
  An elf zombie (Ossuary)
  6 scorpions
  10 bullfrogs
  A gnoll sergeant (D:11)
  10 wights
  Dowan (D:5)
  9 killer bees
  2 electric eels (D:12)
  A centaur zombie (Ossuary)
  3 howler monkeys
  3 jellies
  4 hounds
  2 human zombies (Ossuary)
  10 orc priests
  2 gnoll boudas (D:7)
  2 sleepcaps
  2 iguanas
  9 orc wizards
  4 hound zombies (Ossuary)
  2 mummies (Ossuary)
  11 gnolls
  8 adders
  A shadow imp (D:5)
  5 white imps (D:8)
  2 adder zombies (Ossuary)
  A ribbon worm (D:2)
  A dart slug (D:1)
  35 orcs
  9 ball pythons
  3 bats
  8 endoplasms
  6 giant cockroaches
  7 gnoll zombies (Ossuary)
  8 goblins
  10 hobgoblins
  3 quokkas
  3 frilled lizards
  8 jackal zombies (Ossuary)
  17 kobolds
  8 kobold zombies (Ossuary)
  4 orc zombies (Ossuary)
  6 rats
394 creatures vanquished.

Vanquished Creatures (others)
  A water elemental (D:12)
1 creature vanquished.

Grand Total: 395 creatures vanquished

Table legend: (Time is in decaauts)
 A = Elapsed time spent in this place.
 B = Non-inter-level travel time spent in this place.
 C = Inter-level travel time spent in this place.
 D = Time resting spent in this place.
 E = Time spent auto-exploring this place.
 F = Levels seen in this place.
 G = Mean time per level.
                   A        B        C        D        E       F      G
               +--------+--------+--------+--------+--------+-----+--------+
         Total |  24442 |  23822 |    620 |   4580 |  15623 |  17 | 1437.8 |
       Dungeon |  18711 |  18147 |    564 |   3129 |  12387 |  13 | 1439.3 |
          Lair |   5455 |   5399 |     56 |   1451 |   3136 |   3 | 1818.3 |
       Ossuary |    275 |    275 |      0 |      0 |     99 |   1 |  275.0 |
               +--------+--------+--------+--------+--------+-----+--------+

Top non-repeatable levels by time:
  Lair:2: 3277 daAuts
    D:11: 2777 daAuts
     D:6: 2304 daAuts
     D:5: 2240 daAuts
  Lair:1: 2004 daAuts
     D:7: 1774 daAuts
     D:8: 1510 daAuts
    D:10: 1416 daAuts
     D:3: 1369 daAuts
     D:4: 1187 daAuts
     D:2: 1176 daAuts
     D:1: 1145 daAuts
     D:9: 898 daAuts
    D:12: 895 daAuts
 Ossuary: 275 daAuts

Table legend:
 A = Non-vault XP
 B = Vault XP
 C = Vault XP percentage of total XP
 D = Non-vault monster count
 E = Vault monster count
 F = Vault count percentage of total count
                 A         B        C        D         E       F
            +---------+---------+-------+---------+---------+-------
      Total |   32132 |   12705 |  28.3 |     279 |     112 |  28.6
            +---------+---------+-------+---------+---------+-------
        D:1 |      60 |     214 |  78.1 |      26 |       1 |   3.7
        D:2 |      33 |       5 |  13.2 |      11 |       3 |  21.4
        D:3 |      58 |      77 |  57.0 |      10 |      12 |  54.5
        D:4 |     687 |       0 |   0.0 |      12 |       0 |   0.0
        D:5 |     939 |     632 |  40.2 |      14 |      10 |  41.7
        D:6 |    1504 |      41 |   2.7 |      27 |       1 |   3.6
        D:7 |    2088 |    1261 |  37.7 |      36 |       3 |   7.7
        D:8 |     634 |    1487 |  70.1 |      14 |       9 |  39.1
        D:9 |     930 |       0 |   0.0 |       6 |       0 |   0.0
       D:10 |    1564 |     151 |   8.8 |      16 |       7 |  30.4
       D:11 |    2852 |    4909 |  63.3 |      25 |      18 |  41.9
       D:12 |    2379 |       0 |   0.0 |      13 |       0 |   0.0
     Lair:1 |    5017 |    1179 |  19.0 |      20 |       2 |   9.1
     Lair:2 |   11669 |    2357 |  16.8 |      40 |       7 |  14.9
     Lair:3 |    1718 |       0 |   0.0 |       9 |       0 |   0.0
    Ossuary |       0 |     392 | 100.0 |       0 |      39 | 100.0
            +---------+---------+-------+---------+---------+-------
